 Dungeon Crawl Stone Soup version 0.16.1-30-g34a7ffa (webtiles) character file.

336435 ztt the Impaler (level 20, -14/182 HPs)
             Began as a Centaur Fighter on June 12, 2015.
             Was the Champion of Okawaru.
             Killed from afar by a fire giant (17 damage)
             ... with a fireball
             ... on level 5 of the Vaults on June 15, 2015.
             The game lasted 03:03:17 (65687 turns).

ztt the Impaler (Centaur Fighter)                  Turns: 65687, Time: 03:03:28

Health: -14/182    AC: 43    Str: 33    XL:     20   Next: 98%
Magic:  50/50      EV:  6    Int: 10    God:    Okawaru [******]
Gold:   2818       SH:  0    Dex: 11    Spells: 4 memorised, 5 levels left

rFire  . . .     SeeInvis .     W - +9 bardiche of Unreason {chop, rN+}
rCold  + + .     Clarity  .     A - +9 plate armour "Noniuq Rior" {rElec rF- MP+9 Str+4}
rNeg   + . .     SustAb   .     (no shield)
rPois  +         Gourm    .     H - +2 helmet {Int+3}
rElec  +         Spirit   .     O - +2 cloak {MR+}
rCorr  .         Warding  .     P - +2 pair of gloves {Str+3}
rMut   +         Stasis   .     w - +4 centaur barding {rF+}
MR     +++..                    t - amulet of resist mutation
Stlth  ..........               X - ring of protection from magic
                                c - ring "Ceheafr Uses" {rPois rC+ MP+9}

@: exhausted, very slightly contaminated, slowed, studying Invocations,
extremely resistant to hostile enchantments, extremely unstealthy
A: hooves 3, cold resistance 1, deformed body, speed 2, tough skin 3, evolution
2
a: Heroism, Finesse, Renounce Religion
}: 2/15 runes: decaying, gossamer


You were on level 5 of the Vaults.
You worshipped Okawaru.
Okawaru was exalted by your worship.
You were not hungry.

You visited 6 branches of the dungeon, and saw 42 of its levels.
You also visited: Labyrinth and Wizlab.

You collected 4052 gold pieces.
You spent 1234 gold pieces at shops.

Inventory:

Hand weapons
 E - a +9 glaive of flaming
 W - the +9 bardiche of Unreason (weapon) {chop, rN+}
   (Okawaru gifted it to you on level 5 of the Swamp)

   It inflicts extra damage upon your enemies.
   It protects you from negative energy.
Armour
 w - a +4 centaur barding of fire resistance (worn)
 x - a +0 centaur barding of flying
 A - the +9 plate armour "Noniuq Rior" (worn) {rElec rF- MP+9 Str+4}
   (You found it on level 5 of the Dungeon)

   It affects your strength (+4).
   It makes you vulnerable to fire.
   It insulates you from electricity.
   It affects your magic capacity (+9).
 H - a +2 helmet of intelligence (worn)
 O - a +2 cloak of magic resistance (worn)
 P - a +2 pair of gloves of strength (worn)
Jewellery
 c - the ring "Ceheafr Uses" (left hand) {rPois rC+ MP+9}
   (You bought it in a shop on level 9 of the Dungeon)

   [ring of poison resistance]

   It protects you from cold.
   It protects you from poison.
   It affects your magic capacity (+9).
 i - an uncursed ring of flight
 o - an uncursed amulet of clarity
 p - an uncursed ring of wizardry
 t - an amulet of resist mutation (around neck)
 B - an uncursed ring of sustain abilities
 D - an uncursed ring of see invisible
 I - an uncursed amulet of stasis
 J - an uncursed ring of protection from fire
 R - an uncursed amulet of resist corrosion
 X - a ring of protection from magic (right hand)
Magical devices
 M - a wand of disintegration (6)
Scrolls
 a - a scroll of summoning
 b - 5 scrolls of magic mapping
 f - 8 scrolls of identify
 k - 6 scrolls of recharging
 m - 4 scrolls of teleportation
 q - 2 scrolls of enchant armour
 s - 11 scrolls of remove curse
 z - 2 scrolls of fog
Potions
 h - 14 potions of curing
 j - 5 potions of haste
 l - 5 potions of cure mutation
 n - a potion of resistance
 r - 4 potions of brilliance
 v - 5 potions of restore abilities
 C - 3 potions of invisibility
 G - 3 potions of agility
 N - 2 potions of flight
 Q - 2 potions of cancellation
 V - 4 potions of might
 Z - a potion of berserk rage
Books
 e - a book of Necromancy

   Spells                             Type                      Level
   a - Pain                           Necromancy                   1
   b - Animate Skeleton               Necromancy                   1
   c - Vampiric Draining              Necromancy                   3
   d - Regeneration                   Charms/Necromancy            3
   e - Animate Dead                   Necromancy                   4
   f - Control Undead                 Necromancy                   4
 g - Pocevu's Disquisition on Ashen Transmutation
   (You found it in a wizard's laboratory)

   Spells                             Type                      Level
   a - Stoneskin                      Transmutation/Earth          2
   b - Spider Form                    Transmutation/Poison         3
   c - Petrify                        Transmutation/Earth          4
   d - Alistair's Intoxication        Transmutation/Poison         4
   e - Irradiate                      Conjuration/Transmutation    5
   f - Statue Form                    Transmutation/Earth          6
   g - Hydra Form                     Transmutation                6
   h - Dragon Form                    Transmutation                7
 u - a manual of Invocations
 y - an Akashic Record {highlevel}

   This book is beyond your current level of understanding.

   Spells                             Type                      Level
   a - Dispersal                      Translocation                6
   b - Controlled Blink               Translocation                7
   c - Malign Gateway                 Summoning/Translocation      7
   d - Disjunction                    Translocation                8
   e - Singularity                    Translocation                9
 K - a book of Minor Magic

   Spells                             Type                      Level
   a - Magic Dart                     Conjuration                  1
   b - Blink                          Translocation                2
   c - Call Imp                       Summoning                    2
   d - Repel Missiles                 Charms/Air                   2
   e - Slow                           Hexes                        2
   f - Conjure Flame                  Conjuration/Fire             3
   g - Mephitic Cloud                 Conjuration/Poison/Air       3
 L - a book of Hinderance

   Spells                             Type                      Level
   a - Confusing Touch                Hexes                        2
   b - Confuse                        Hexes                        3
   c - Petrify                        Transmutation/Earth          4
   d - Metabolic Englaciation         Hexes/Ice                    5
   e - Gell's Gravitas                Hexes/Translocation          5
   f - Summon Mana Viper              Hexes/Summoning              5
 S - a book of Power

   Spells                             Type                      Level
   a - Fulminant Prism                Conjuration/Hexes            4
   b - Iskenderun's Mystic Blast      Conjuration                  4
   c - Venom Bolt                     Conjuration/Poison           5
   d - Bolt of Magma                  Conjuration/Fire/Earth       5
   e - Iron Shot                      Conjuration/Earth            6
   f - Orb of Destruction             Conjuration                  7
   g - Spellforged Servitor           Conjuration/Summoning        7
 T - a book of Battle

   Spells                             Type                      Level
   a - Infusion                       Charms                       1
   b - Shroud of Golubria             Charms/Translocation         2
   c - Song of Slaying                Charms                       2
   d - Spectral Weapon                Hexes/Charms                 3
   e - Regeneration                   Charms/Necromancy            3
 Y - Roxanne's Guide on Earthen Transmutation
   (You found it in a wizard's laboratory)

   Spells                             Type                      Level
   a - Beastly Appendage              Transmutation                1
   b - Stoneskin                      Transmutation/Earth          2
   c - Sticks to Snakes               Transmutation                2
   d - Passwall                       Transmutation/Earth          3
   e - Ice Form                       Ice/Transmutation            4
   f - Alistair's Intoxication        Transmutation/Poison         4
   g - Ignite Poison                  Fire/Transmutation           5
   h - Statue Form                    Transmutation/Earth          6
Comestibles
 d - 6 bread rations
 U - 14 meat rations


   Skills:
 + Level 16.6 Fighting
 * Level 20.2 Polearms
 + Level 11.9 Armour
 + Level 5.1 Dodging
 - Level 1.8 Stealth
   Level 8.8 Shields
 * Level 11.0 Charms
 * Level 9.5 Translocations
 * Level 13.0 Invocations
 + Level 0.2 Evocations


You had 5 spell levels left.
You knew the following spells:

 Your Spells              Type           Power        Failure   Level  Hunger
a - Blink                 Tloc           N/A          8%          2    ###....
b - Deflect Missiles      Chrm/Air       ##........   100%        6    #######
c - Repel Missiles        Chrm/Air       ##....       34%         2    ###....
d - Control Teleport      Chrm/Tloc      ###.......   34%         4    #####..


Dungeon Overview and Level Annotations

Branches:
Dungeon (15/15)            Temple (0/1) D:4            Lair (8/8) D:8
  Swamp (5/5) Lair:4       Spider (5/5) Lair:6        Slime (0/6) Lair:6
    Orc (4/4) D:9             Elf (0/3) Orc:4        Vaults (5/5) D:13
  Crypt (0/3) Vaults:3     Depths (0/5) D:15

Altars:
Cheibriados
Elyvilon
Fedhas
Gozag
Okawaru
Beogh
Jiyva

Shops:
D:9 (=*%?   D:11 *%?   Orc:4 *[(*   Vaults:3 :

Annotations:
D:3 Natasha; emiel's ghost, average FoWn
D:15 Snorg
Lair:3 Erica
Vaults:5 Mennas
Abyss:1 Maurice; Rupert


Innate Abilities, Weirdness & Mutations

You have hooves in place of feet.
Armour fits poorly on your strangely shaped body.
You cover ground very quickly.
You have extremely tough skin (AC +3).
Your flesh is cold resistant.
You rapidly evolve.


Message History

Okay, then.
Read which item? (? for menu, Esc to quit)
Blink to where?
Press: ? - help, Dir - move target cursor You are very lightly contaminated with residual magic.
As you read the scroll of blinking, it crumbles to dust.
Read which item? (? for menu, Esc to quit)
Okay, then.
Drink which item? (? for menu, Esc to quit)
Okay, then.
Read which item? (? for menu, Esc to quit)
Okay, then.
Read which item? (? for menu, Esc to quit)
As you read the scroll of summoning, it crumbles to dust.
Wisps of shadow whirl around you... The fire giant casts a spell at you.
The fireball explodes!
The fireball engulfs the deep elf conjurer.
The fireball engulfs you!
You die...

********###############
,,,,,,,,......cp@.ec..#
,,,,,,,,....eee.pep...#
*********#########.c..#
,,,,,* *,,,,,*,,,,.CO.#
,,,,,* *,,,,,*,,,,,#.D#
,,,,,* *,,,,,*,,,,,#p.#
,,,,,***,,,,,*,,,,,#.A#
*****,,,*****,*****#p.#
,,,,,***,,,,,*,,,,,#O)#


You could see Mennas, a shadow dragon, a fire giant, a vault warden, a deep elf
conjurer, a two-headed ogre, a friendly ironheart preserver, a friendly vault
warden, a friendly deep elf sorcerer, a friendly ironbrand convoker, 3 friendly
yaktaurs, a friendly deep elf conjurer, a friendly deep elf fighter and a
friendly deep elf mage.

Vanquished Creatures
  An ancient lich (Vaults:5)
  Norris (Spider:5)
  Saint Roka (Orc:4)
  A tentacled monstrosity (WizLab)
  Arachne (Spider:3)
  A titan (Vaults:5)
  3 sphinxes
  Agnes (Swamp:5)
  The ghost of lisu the Warrior, a mighty MiFi of Okawaru (Swamp:5)
  A frost giant (D:12)
  A tengu reaver (D:12)
  An azure jelly (Swamp:5)
  A fire giant (Vaults:2)
  4 ghost moths
  11 vault wardens
  Aizul (D:13)
  Gastronok (Lair:3)
  7 emperor scorpions
  13 ironheart preservers
  7 stone giants
  3 very ugly things (WizLab)
  2 deep elf annihilators
  Azrael (Spider:3)
  A deep elf demonologist (Vaults:3)
  An eidolon (Vaults:3)
  2 ettins
  3 deep elf death magi
  A fire dragon (Vaults:4)
  15 vault guards
  5 yaktaur captains
  A minotaur (Lab)
  A great orb of eyes (Vaults:4)
  Fannar (D:11)
  11 hydras
  3 ice dragons
  Nessos (Swamp:1)
  An anaconda (shapeshifter) (WizLab)
  4 centaur warriors
  A tengu warrior (D:12)
  A deep troll earth mage (D:12)
  An alligator (Swamp:4)
  An alligator (shapeshifter) (WizLab)
  An orc high priest (Orc:4)
  12 ogre magi
  The ghost of emiel the Cleaver, an experienced FoWn of Cheibriados (D:8)
  Nergalle (D:15)
  4 shadow wraiths
  An iron golem (WizLab)
  2 fire crabs
  2 deep elf knights
  17 skeletal warriors
  4 unseen horrors
  2 shambling mangroves
  A flayed ghost (Vaults:2)
  3 deep elf summoners
  7 deep trolls
  2 swamp dragons
  2 spriggan druids
  2 hill giants
  3 harpies (Vaults:4)
  15 ironbrand convokers
  17 orc knights
  An anubis guard (shapeshifter) (Vaults:3)
  A giant orange brain (Vaults:1)
  19 orb spiders
  3 wizards
  7 griffons
  4 orc sorcerers
  A manticore (D:13)
  A manticore (shapeshifter) (WizLab)
  A stone giant zombie (Vaults:2)
  6 deep elf conjurers
  38 wolf spiders
  4 hornets
  6 necromancers
  2 phantasmal warriors
  2 moths of wrath (Spider:5)
  33 ugly things
  5 cyclopes
  8 black mambas
  13 vault sentinels
  2 black mambas (shapeshifter)
  A naga mage (D:15)
  2 octopodes (shapeshifter)
  18 elephants
  3 torpor snails
  22 spiny frogs
  An elf skeleton (Vaults:5)
  3 centaur skeletons
  An efreet (D:12)
  A yaktaur (shapeshifter) (WizLab)
  3 gargoyles
  A yaktaur zombie (Vaults:2)
  7 komodo dragons
  3 kobold demonologists (Vaults:1)
  3 fire drakes
  36 yaktaurs
  2 komodo dragons (shapeshifter)
  9 freezing wraiths
  19 demonic crawlers
  A wind drake (shapeshifter) (WizLab)
  7 large abominations (WizLab)
  8 polar bears
  9 giant leeches
  A deep elf priest (Vaults:3)
  41 jumping spiders
  Sonja (D:15)
  A queen bee (shapeshifter) (WizLab)
  A two-headed ogre (shapeshifter) (Vaults:3)
  Grinder (D:3)
  25 two-headed ogres
  10 trolls
  13 bog bodies
  48 slime creatures
  4 basilisks
  A raiju (Lair:8)
  2 ravens (Swamp:5)
  17 blink frogs
  3 ravens (shapeshifter)
  2 spriggans (shapeshifter) (WizLab)
  8 boulder beetles
  A human simulacrum (Vaults:1)
  A trapdoor spider (shapeshifter) (WizLab)
  24 trapdoor spiders
  A basilisk (shapeshifter) (WizLab)
  2 wraiths
  A tarantella (shapeshifter) (WizLab)
  A flying skull (Vaults:3)
  3 shadows
  6 small abominations (WizLab)
  78 redbacks
  31 tarantellas
  A wyvern (Lair:8)
  A hog (shapeshifter) (WizLab)
  17 humans (D:13)
  2 hippogriffs (shapeshifter) (WizLab)
  Eustachio (D:5)
  4 deep elf magi
  3 spriggans
  57 yaks
  2 humans (shapeshifter)
  10 hippogriffs
  29 vampire mosquitoes
  8 deep elf fighters
  A warg (shapeshifter) (WizLab)
  3 fire elementals (Spider:3)
  A golden eye (shapeshifter) (WizLab)
  A steam dragon (Lair:7)
  5 insubstantial wisps (Swamp:4)
  Edmund (D:4)
  3 mottled dragons
  A soldier ant (D:12)
  3 swamp worm simulacra (Swamp:5)
  2 yaks (shapeshifter) (WizLab)
  12 wargs
  29 swamp worms
  8 hell hounds
  14 wolves
  15 hydra simulacra (Swamp:5)
  A soldier ant (shapeshifter) (WizLab)
  25 water moccasins
  8 porcupines
  4 swamp drakes
  2 eyes of draining (shapeshifter) (WizLab)
  7 sky beasts
  4 ice beasts
  3 black bears (shapeshifter)
  34 spiders
  52 orc warriors
  14 black bears
  An eye of draining (D:12)
  7 wasps
  2 phantoms
  5 centaurs
  A boring beetle (Spider:3)
  48 ogres
  A necrophage (D:12)
  15 crocodiles
  4 big kobolds
  8 boggarts
  A crocodile (shapeshifter) (Vaults:3)
  23 giant frogs
  A brain worm (shapeshifter) (Vaults:4)
  Blork the orc (D:5)
  A water moccasin zombie (D:6)
  9 scorpions
  A yak zombie (D:12)
  5 wights (D:14)
  5 killer bees
  2 yak skeletons (D:12)
  5 electric eels
  3 centaur zombies
  11 crimson imps
  A gnoll shaman (D:6)
  A fire crab simulacrum (Vaults:1)
  27 hounds
  3 jellies
  Crazy Yiuf (D:6)
  30 orc priests
  A quasit (D:14)
  2 giant frog skeletons (D:7)
  21 orc wizards
  Natasha (D:3)
  5 iguanas
  10 hell rats
  16 worker ants
  3 yak simulacra (D:13)
  5 wolf simulacra (D:13)
  2 killer bee zombies (D:8)
  14 sheep
  Ijyb (D:2)
  Jessica (D:2)
  A hound skeleton (D:5)
  A hound zombie (D:8)
  A mummy (D:8)
  A worker ant zombie (D:9)
  14 gnolls
  35 adders
  15 white imps
  53 river rats
  4 shadow imps
  3 worms
  5 swamp drake simulacra (Swamp:5)
  4 giant eyeballs (WizLab)
  5 giant geckos
  3 oozes
  162 orcs
  17 bats
  24 goblins
  22 hobgoblins
  18 jackals
  29 kobolds
  13 quokkas
  8 giant cockroaches
  A giant gecko (shapeshifter) (WizLab)
  3 giant newts
  A jackal skeleton (D:4)
  A quokka skeleton (D:8)
  14 rats
  2 river rat simulacra (D:13)
  2 spectral orcs (D:15)
  A fungus (Lair:8)
2020 creatures vanquished.

Vanquished Creatures (collateral kills)
  A tentacled monstrosity (Vaults:5)
  10 vault guards (Vaults:5)
  A small abomination (Vaults:5)
  A necromancer (Vaults:5)
  A vault sentinel (Vaults:5)
  A human zombie (Vaults:5)
  A freezing wraith (Vaults:5)
  A human skeleton (Vaults:5)
  A deep elf mage (Vaults:5)
  A wyvern (Lair:8)
  A deep elf fighter (Vaults:5)
  An ettin simulacrum (Vaults:5)
  A deep troll simulacrum (Vaults:5)
  An orc wizard (Vaults:5)
23 creatures vanquished.

Vanquished Creatures (others)
  A tentacled monstrosity (Vaults:5)
  A sphinx (D:12)
  An acid blob (Lair:6)
  A vault warden (Vaults:5)
  2 ironheart preservers (Vaults:5)
  2 hydras
  3 ogre magi
  A fire crab (Lair:6)
  A flayed ghost (D:12)
  A skeletal warrior (D:11)
  A deep troll (Vaults:5)
  A hill giant (D:14)
  A giant orange brain (Vaults:5)
  A lindwurm (Lair:4)
  An orc knight (Vaults:5)
  An orc sorcerer (D:15)
  A deep elf conjurer (Vaults:5)
  A manticore (D:15)
  3 elephants
  An ugly thing (D:15)
  2 vault sentinels (Vaults:5)
  A spiny frog (Lair:8)
  A gargoyle (D:13)
  2 demonic crawlers (Spider:1)
  5 yaktaurs (Vaults:5)
  2 jumping spiders (Spider:1)
  3 two-headed ogres (Vaults:5)
  2 polar bears (Lair:8)
  A boulder beetle (Spider:2)
  A trapdoor spider (Spider:3)
  3 tarantellas
  A redback (Spider:1)
  A human (D:13)
  3 yaks
  A soldier ant (D:13)
  3 deep elf fighters (Vaults:5)
  A porcupine (Lair:5)
  A swamp worm (Lair:4)
  An orc warrior (Orc:4)
  A warg (Orc:4)
  A black bear (D:11)
  7 ogres (Vaults:5)
  A human skeleton (Vaults:2)
  An eye of draining (D:12)
  2 lost souls (Vaults:5)
  A giant frog (Lair:4)
  A killer bee (D:10)
  2 electric eels
  A human simulacrum (Vaults:2)
  2 hounds
  A yak simulacrum (D:13)
  5 orcs
  A giant spore (D:9)
  18 fungi
  15 plants
121 creatures vanquished.

Grand Total: 2164 creatures vanquished

Notes
Turn   | Place    | Note
--------------------------------------------------------------
     0 | D:1      | ztt, the Centaur Fighter, began the quest for the Orb.
     0 | D:1      | Reached XP level 1. HP: 19/19 MP: 1/1
   196 | D:1      | Reached XP level 2. HP: 26/26 MP: 2/2
   617 | D:1      | Reached XP level 3. HP: 25/31 MP: 3/3
  1160 | D:2      | Noticed Ijyb
  1194 | D:2      | Killed Ijyb
  1364 | D:2      | Noticed Jessica
  1490 | D:2      | Reached XP level 4. HP: 23/38 MP: 3/3
  1704 | D:2      | Killed Jessica
  1778 | D:2      | Found an iron altar of Okawaru.
  1818 | D:2      | Became a worshipper of Warmaster Okawaru
  2077 | D:3      | Noticed Grinder
  2344 | D:3      | Noticed emiel's ghost (average FoWn)
  2452 | D:3      | Reached skill level 1 in Dodging
  2460 | D:3      | Reached XP level 5. HP: 30/45 MP: 4/4
  3141 | D:3      | Paralysed by Grinder for 3 turns
  3148 | D:3      | Paralysed by Grinder for 3 turns
  3186 | D:3      | Paralysed by Grinder for 2 turns
  3191 | D:3      | Paralysed by Grinder for 3 turns
  3205 | D:3      | Killed Grinder
  3205 | D:3      | Reached skill level 4 in Fighting
  3205 | D:3      | Reached XP level 6. HP: 15/52 MP: 5/5
  3453 | D:3      | Acquired Okawaru's first power
  3590 | D:3      | Found an opulent altar of Gozag.
  3676 | D:3      | Noticed Natasha
  3687 | D:3      | Killed Natasha
  4136 | D:3      | Noticed Natasha
  4261 | D:4      | Found a staircase to the Ecumenical Temple.
  4286 | D:4      | Found a snail-covered altar of Cheibriados.
  4287 | D:4      | Noticed Edmund
  4426 | D:4      | Killed Edmund
  4426 | D:4      | Reached XP level 7. HP: 58/60 MP: 5/5
  4890 | D:5      | Entered Level 5 of the Dungeon
  4963 | D:5      | Noticed Blork the orc
  4978 | D:5      | Killed Blork the orc
  5060 | D:5      | Found a white marble altar of Elyvilon.
  5131 | D:5      | Got a heavily runed plate armour
  5142 | D:5      | Identified the +9 plate armour "Noniuq Rior" {rElec rF- MP+9 Str+4} (You found it on level 5 of the Dungeon)
  5270 | D:5      | Noticed Eustachio
  5325 | D:5      | Killed Eustachio
  5325 | D:5      | Reached XP level 8. HP: 65/67 MP: 6/6
  5544 | D:5      | Reached skill level 5 in Fighting
  6659 | D:6      | Reached skill level 5 in Shields
  6728 | D:6      | Reached skill level 5 in Polearms
  7150 | D:6      | Noticed Crazy Yiuf
  7154 | D:6      | Killed Crazy Yiuf
  7230 | D:7      | Reached XP level 9. HP: 64/74 MP: 7/7
  7849 | D:7      | Reached skill level 6 in Fighting
  8539 | D:8      | Found a staircase to the Lair.
  8962 | D:8      | Noticed emiel's ghost (experienced FoWn)
  9283 | D:8      | Reached XP level 10. HP: 84/84 MP: 7/7
  9412 | D:8      | Killed emiel's ghost
  9412 | D:8      | Acquired Okawaru's second power
  9412 | D:8      | Reached skill level 7 in Fighting
  9412 | D:8      | Reached skill level 5 in Armour
 10123 | Lair:1   | Entered Level 1 of the Lair of Beasts
 10150 | Lair:1   | Reached skill level 1 in Stealth
 10210 | Lair:1   | Received a gift from Okawaru
 10224 | Lair:1   | Got an ancient plate armour {god gift}
 10235 | Lair:1   | Identified the +4 plate armour of Intercession {rPois} (Okawaru gifted it to you on level 1 of the Lair of Beasts)
 10328 | Lair:1   | Noticed an eight-headed hydra
 11038 | Lair:1   | Killed an eight-headed hydra
 11038 | Lair:1   | Reached skill level 8 in Polearms
 11318 | Lair:1   | Reached XP level 11. HP: 93/93 MP: 8/8
 12474 | Lair:2   | Reached skill level 9 in Polearms
 13010 | Lair:3   | Noticed a four-headed hydra
 13040 | Lair:3   | Noticed Gastronok
 13104 | Lair:3   | Killed Gastronok
 14062 | Lair:3   | Killed a four-headed hydra
 14392 | Lair:3   | Received a gift from Okawaru
 14547 | Lair:3   | Noticed Erica
 14569 | Lair:3   | Reached XP level 12. HP: 104/104 MP: 9/9
 14795 | Lair:3   | Reached skill level 10 in Polearms
 15288 | Lair:4   | Noticed a six-headed hydra
 16444 | Lair:4   | Found a staircase to the Swamp.
 16782 | Lair:4   | Received a gift from Okawaru
 16782 | Lair:4   | Reached skill level 10 in Fighting
 17647 | Lair:5   | Reached skill level 11 in Polearms
 18335 | Lair:6   | Found a staircase to the Slime Pits.
 18338 | Lair:6   | Found a viscous altar of Jiyva.
 18456 | Lair:6   | Found a hole to the Spider Nest.
 18535 | Lair:6   | Reached XP level 13. HP: 101/114 MP: 9/9
 19520 | Lair:6   | Noticed an acid blob
 19528 | Lair:6   | Banished an acid blob
 19754 | Lair:7   | Noticed Rupert
 19758 | Lair:7   | Banished Rupert
 19938 | Lair:7   | Reached skill level 12 in Polearms
 20030 | Lair:7   | Reached skill level 1 in Invocations
 20822 | Lair:7   | Received a gift from Okawaru
 21027 | Lair:8   | Entered Level 8 of the Lair of Beasts
 21278 | Lair:8   | Identified the Disquisition on Talismans
 21340 | Lair:8   | Found a labyrinth entrance.
 21351 | Lab      | Entered a labyrinth
 21619 | Lab      | Identified Sif Muna's Handbook of Lightness and Confrontation
 21749 | Lair:8   | Learned a level 2 spell: Blink
 21756 | Lair:8   | Learned a level 6 spell: Deflect Missiles
 21759 | Lair:8   | Learned a level 2 spell: Repel Missiles
 22608 | Lair:8   | Received a gift from Okawaru
 22608 | Lair:8   | Reached XP level 14. HP: 113/125 MP: 20/20
 22686 | Lair:8   | Reached skill level 5 in Invocations
 22747 | Lair:8   | Reached skill level 13 in Polearms
 23352 | Lair:8   | Paralysed by a hornet for 3 turns
 24171 | Swamp:1  | Entered Level 1 of the Swamp
 24257 | Swamp:1  | Received a gift from Okawaru
 25128 | Swamp:1  | Received a gift from Okawaru
 25375 | Swamp:1  | HP: 6/126 [poisoned by a swamp dragon (poison gas)]
 25854 | D:9      | Found Boumyin's Antique Weapon Shop.
 25864 | D:9      | Found Ranul's Jewellery Boutique.
 25869 | D:9      | Found Cish's General Store.
 25879 | D:9      | Bought the ring "Ceheafr Uses" {rPois rC+ MP+9} for 374 gold pieces
 25879 | D:9      | Bought an uncursed amulet of resist corrosion for 220 gold pieces
 25893 | D:9      | Bought a meat ration for 60 gold pieces
 25893 | D:9      | Bought a scroll of identify for 24 gold pieces
 25893 | D:9      | Bought a meat ration for 60 gold pieces
 26141 | D:9      | Found Psithaigh's Magic Scroll Emporium.
 26152 | D:9      | Bought a scroll of blinking for 120 gold pieces
 26152 | D:9      | Bought a scroll of magic mapping for 56 gold pieces
 26152 | D:9      | Bought a scroll of blinking for 120 gold pieces
 26373 | D:9      | Found Fiplir's Food Shoppe.
 26675 | D:9      | Found a staircase to the Orcish Mines.
 26833 | D:10     | Entered Level 10 of the Dungeon
 27497 | D:11     | Reached skill level 1 in Charms
 27550 | D:11     | Found Leeteat's Antique Armour Shop.
 27588 | D:11     | Noticed Fannar
 27602 | D:11     | Killed Fannar
 27979 | D:11     | Found Miocvir's Food Emporium.
 28044 | D:11     | Found Bidapt's General Store.
 28054 | D:11     | Bought a scroll of identify for 24 gold pieces
 28098 | D:11     | Found Gam Xaafeed's Magic Scroll Shoppe.
 28102 | D:11     | Bought a scroll of identify for 32 gold pieces
 28102 | D:11     | Bought a scroll of identify for 32 gold pieces
 28102 | D:11     | Bought a scroll of teleportation for 48 gold pieces
 28102 | D:11     | Bought a scroll of identify for 32 gold pieces
 28459 | D:12     | Received a gift from Okawaru
 28778 | D:12     | Found a runed door.
 28934 | D:12     | Noticed a frost giant
 28934 | D:12     | Noticed a tengu reaver
 28934 | D:12     | Found a runed door.
 28979 | D:12     | Killed a tengu reaver
 28981 | D:12     | Reached skill level 14 in Polearms
 29014 | D:12     | Killed a frost giant
 29062 | D:12     | Reached XP level 15. HP: 96/134 MP: 25/25
 29211 | D:12     | Noticed a sphinx
 29211 | D:12     | Noticed a sphinx
 29284 | D:12     | Paralysed by a sphinx for 7 turns
 29731 | D:12     | Killed a sphinx
 29733 | D:12     | Received a gift from Okawaru
 29787 | D:12     | Banished a sphinx
 29945 | D:12     | Identified Naho's Tome of the Traveller (You found it on level 12 of the Dungeon)
 30652 | D:13     | Found a frozen archway.
 31093 | D:13     | Found a gate to the Vaults.
 32180 | D:14     | Reached skill level 1 in Translocations
 32344 | D:15     | Entered Level 15 of the Dungeon
 32361 | D:15     | Noticed Sonja
 32390 | D:15     | Killed Sonja
 32650 | D:15     | Noticed Nergalle
 32662 | D:15     | Killed Nergalle
 32760 | D:15     | Found a staircase to the Depths.
 32792 | D:15     | Noticed Snorg
 33283 | D:15     | Found a blossoming altar of Fedhas.
 33660 | Orc:1    | Entered Level 1 of the Orcish Mines
 34963 | Orc:2    | Noticed Maurice
 34967 | Orc:2    | Banished Maurice
 35150 | Orc:4    | Entered Level 4 of the Orcish Mines
 35187 | Orc:4    | Received a gift from Okawaru
 35191 | Orc:4    | Got a pitted glaive {god gift}
 35203 | Orc:4    | Found a staircase to the Elven Halls.
 35255 | Orc:4    | Found a roughly hewn altar of Beogh.
 35367 | Orc:4    | Noticed Saint Roka
 35377 | Orc:4    | Killed Saint Roka
 35377 | Orc:4    | Reached skill level 5 in Charms
 35418 | Orc:4    | Reached skill level 15 in Polearms
 35653 | Orc:4    | Found a roughly hewn altar of Beogh.
 35667 | Orc:4    | Found Schoapn's General Store.
 35806 | Orc:4    | Found Shuplag's Antique Armour Shoppe.
 35806 | Orc:4    | Found a roughly hewn altar of Beogh.
 35808 | Orc:4    | Found Maup's Antique Weapon Emporium.
 35884 | Orc:4    | Found a roughly hewn altar of Beogh.
 35898 | Orc:4    | Found Gauxux's Assorted Antiques.
 35907 | Orc:4    | Bought a scroll labeled XUIDIE SAEP for 32 gold pieces
 35992 | Orc:4    | Reached XP level 16. HP: 136/144 MP: 27/27
 36134 | Orc:4    | Found a roughly hewn altar of Beogh.
 36230 | Orc:4    | Found a roughly hewn altar of Beogh.
 36584 | Spider:1 | Entered Level 1 of the Spider Nest
 37140 | Spider:1 | Identified the -1 glaive of Mana {drain, -Tele rN++ MP-9 Str+5} (Okawaru gifted it to you on level 4 of the Orcish Mines)
 38783 | Spider:2 | Received a gift from Okawaru
 39776 | Spider:3 | Reached skill level 10 in Armour
 40409 | Spider:3 | Noticed Azrael
 40681 | Spider:3 | Killed Azrael
 40893 | Spider:3 | Noticed Arachne
 40910 | Spider:3 | Killed Arachne
 42020 | Spider:4 | Received a gift from Okawaru
 42437 | Spider:4 | Reached XP level 17. HP: 147/152 MP: 28/28
 42487 | Spider:4 | Reached skill level 16 in Polearms
 42519 | Spider:4 | Reached skill level 5 in Translocations
 42938 | Spider:5 | Entered Level 5 of the Spider Nest
 42940 | Spider:5 | Noticed Norris
 43232 | Spider:5 | Killed Norris
 43232 | Spider:5 | Reached skill level 10 in Invocations
 45691 | Spider:5 | Received a gift from Okawaru
 46193 | Spider:5 | Got a gossamer rune of Zot
 46498 | Lair:4   | Killed a 19-headed hydra
 46635 | Swamp:1  | Noticed Nessos
 46761 | Swamp:1  | Killed Nessos
 48181 | Swamp:3  | Received a gift from Okawaru
 49261 | Swamp:4  | Reached skill level 15 in Fighting
 49464 | Swamp:5  | Entered Level 5 of the Swamp
 49625 | Swamp:5  | Noticed lisu's ghost (mighty MiFi)
 49645 | Swamp:5  | Killed lisu's ghost
 49645 | Swamp:5  | Reached skill level 5 in Dodging
 49645 | Swamp:5  | Reached XP level 18. HP: 60/163 MP: 29/29
 50374 | Swamp:5  | Noticed Agnes
 50382 | Swamp:5  | Killed Agnes
 51630 | Swamp:5  | Received a gift from Okawaru
 51634 | Swamp:5  | Got a bloodstained bardiche {god gift}
 51635 | Swamp:5  | Identified the +9 bardiche of Unreason {chop, rN+} (Okawaru gifted it to you on level 5 of the Swamp)
 51670 | Swamp:5  | Got a decaying rune of Zot
 52245 | Vaults:1 | Entered Level 1 of the Vaults
 52245 | Vaults:1 | Noticed Aizul
 52753 | D:13     | Killed Aizul
 53055 | Vaults:1 | Reached skill level 17 in Polearms
 54257 | Vaults:1 | Received a gift from Okawaru
 56395 | Vaults:2 | Received a gift from Okawaru
 56403 | Vaults:2 | Learned a level 4 spell: Control Teleport
 56474 | Vaults:2 | Reached skill level 18 in Polearms
 56522 | Vaults:2 | Reached XP level 19. HP: 105/171 MP: 29/29
 56912 | Vaults:2 | Found a magical portal.
 56922 | WizLab   | Entered Cigotuvi's Fleshworks
 57293 | WizLab   | Identified Pocevu's Disquisition on Ashen Transmutation
 57301 | WizLab   | Identified Roxanne's Guide on Earthen Transmutation (You found it in a wizard's laboratory)
 57305 | WizLab   | Identified Cigotuvi's Volume of Twisted Moulding (You found it in a wizard's laboratory)
 57407 | WizLab   | Gained mutation: Your flesh is cold resistant. [potion of beneficial mutation]
 57408 | WizLab   | Gained mutation: You evolve. [potion of beneficial mutation]
 57409 | WizLab   | Gained mutation: You rapidly evolve. [potion of beneficial mutation]
 57729 | WizLab   | Received a gift from Okawaru
 57797 | WizLab   | Paralysed by a giant eyeball for 2 turns
 57986 | WizLab   | Paralysed by a giant eyeball for 3 turns
 57995 | WizLab   | Paralysed by a giant eyeball for 4 turns
 58006 | WizLab   | Paralysed by a giant eyeball for 2 turns
 58013 | WizLab   | Paralysed by a giant eyeball for 4 turns
 58817 | Vaults:2 | Reached skill level 10 in Charms
 58842 | Vaults:2 | Found a white marble altar of Elyvilon.
 59276 | Vaults:2 | Received a gift from Okawaru
 59344 | Vaults:2 | Got a slimy trident {god gift}
 59345 | Vaults:2 | Identified the +6 trident of Absolution {antimagic, rF++ rC- Str-2 Int+4 Stlth+} (Okawaru gifted it to you on level 2 of the Vaults)
 59586 | Vaults:2 | Received a gift from Okawaru
 59863 | Vaults:3 | Found Doit's Book Shop.
 59922 | Vaults:3 | Received a gift from Okawaru
 60030 | Vaults:3 | Reached skill level 19 in Polearms
 61194 | Vaults:3 | Found a staircase to the Crypt.
 61937 | Vaults:3 | Reached XP level 20. HP: 163/181 MP: 31/31
 62477 | Vaults:3 | Got a faintly humming plate armour {god gift}
 62478 | Vaults:3 | Identified the +5 plate armour of Indecent Exposure {-Cast rN++} (Okawaru gifted it to you on level 3 of the Vaults)
 63191 | Vaults:3 | Received a gift from Okawaru
 65498 | Vaults:5 | Entered Level 5 of the Vaults
 65524 | Vaults:5 | Received a gift from Okawaru
 65524 | Vaults:5 | Reached skill level 20 in Polearms
 65544 | Vaults:5 | Noticed Mennas
 65662 | Vaults:5 | Noticed an ancient lich
 65678 | Vaults:5 | Killed an ancient lich
 65678 | Vaults:5 | Received a gift from Okawaru
 65679 | Vaults:5 | HP: 10/273 [two-headed ogre/giant club[an ogre mage] (15)]
 65683 | Vaults:5 | HP: 2/273 [ogre mage/flail (9)]
 65687 | Vaults:5 | Killed from afar by a fire giant

Action                   |  1- 3 |  4- 6 |  7- 9 | 10-12 | 13-15 | 16-18 | 19-21 || total
-------------------------+-------+-------+-------+-------+-------+-------+-------++-------
Melee: Trident           |   167 |   112 |   795 |  1019 |       |       |       ||  2093
       Spear             |    15 |   163 |       |       |       |       |       ||   178
       Glaive            |       |       |       |   264 |  1762 |  1963 |   762 ||  4751
       Bardiche          |       |       |       |       |       |    89 |   492 ||   581
Invok: Heroism           |       |       |       |     1 |     2 |       |       ||     3
       Finesse           |       |       |       |       |       |     2 |     2 ||     4
Evoke: Wand              |       |       |       |       |     5 |       |       ||     5
  Use: Scroll            |     3 |     5 |     9 |    10 |    33 |    15 |    14 ||    89
       Potion            |       |     1 |       |     2 |    10 |    11 |     8 ||    32
 Stab: Distracted        |       |       |       |       |     3 |       |     4 ||     7
  Eat: Fruit             |     3 |       |       |    11 |    36 |     9 |       ||    59
       Chunk             |       |     1 |     6 |     5 |     3 |    13 |     9 ||    37
       Meat ration       |       |     1 |       |     2 |       |     1 |       ||     4
       Royal jelly       |       |     1 |       |     1 |       |     1 |       ||     3
       Pizza             |       |       |     1 |       |     1 |       |       ||     2
       Beef jerky        |       |       |     1 |     1 |     4 |    20 |       ||    26
       Bread ration      |       |       |     1 |       |     2 |       |     5 ||     8
